 Dungeon Crawl Stone Soup version 0.26-a0-466-g989023bd0d (webtiles) character file.

Game seed: 10524749498821007035

448 dobroeutro the Cudgeler (level 7, -1/41 HPs)
             Began as a Gargoyle Fighter on Aug 11, 2020.
             Slain by a centaur
             ... wielding a cursed -2 shortbow
              (2 damage)
             ... on level 5 of the Dungeon.
             The game lasted 00:04:03 (5106 turns).

dobroeutro the Cudgeler (Gargoyle Fighter)          Turns: 5106, Time: 00:04:05

Health: -1/41      AC: 11    Str: 19 (21) XL:     7   Next: 3%
Magic:  7/7        EV:  7    Int:  8 (9)  God:
Gold:   266        SH:  8    Dex:  6 (9)  Spells: 6/6 levels left

rFire    + . .     SeeInvis .   a - +0 flail
rCold    . . .     Faith    .   c - +0 kite shield
rNeg     + + .     Spirit   .   b - +0 scale mail
rPois    ∞         Reflect  .   (no helmet)
rElec    +         Harm     .   (no cloak)
rCorr    .                      (no gloves)
MR       +....                  (no boots)
Stlth    ..........             (no amulet)
HPRegen  0.13/turn              f - ring of positive energy
MPRegen  0.10/turn              (no ring)

@: brilliant, stab, hasted, very quick
A: fire resistance 1, magic resistance 1, negative energy resistance 1,
electricity resistance, unbreathing, petrification resistance, rot immunity, AC
+4
a: no special abilities


You were on level 5 of the Dungeon.
You visited 1 branch of the dungeon, and saw 5 of its levels.

You collected 266 gold pieces.

Inventory:

Hand Weapons
 a - a +0 flail (weapon)
Armour
 b - a +0 scale mail (worn)
 c - a +0 kite shield (worn)
Jewellery
 f - a ring of positive energy (left hand)
 q - an uncursed amulet of magic regeneration {unknown}
Scrolls
 e - 4 scrolls of identify {unknown}
 l - a scroll of magic mapping {unknown}
 n - a scroll of noise {unknown}
 r - 2 scrolls of remove curse {unknown}
 s - a scroll of blinking {unknown}
Potions
 g - 3 potions of degeneration
 h - 3 potions of brilliance
 i - a potion of haste
 j - 2 potions of stabbing
 k - 2 potions of mutation
 m - a potion of flight {unknown}
 o - a potion of heal wounds {unknown}
 p - a potion of curing {unknown}
 t - a potion of resistance {unknown}
 u - a potion of berserk rage {unknown}


   Skills:
 - Level 3.2 Fighting
 + Level 7.3 Maces & Flails
 - Level 3.2 Armour
 - Level 3.2 Shields


You had 6 spell levels left.
You didn't know any spells.
Your spell library contained the following spells:

 Spells                   Type           Power        Failure   Level
 Corona                   Hex            #......      99%         1
 Ensorcelled Hibernation  Hex/Ice        #.....       100%        2
 Confusing Touch          Hex            #.......     100%        3
 Dazzling Flash           Conj/Hex       #.....       100%        3
 Tukima's Dance           Hex            #.......     100%        3


Dungeon Overview and Level Annotations

Branches:
Dungeon (5/15)
 Temple: D:4-7

Altars:
Ashenzari
Dithmenos
Makhleb
Ru


Innate Abilities, Weirdness & Mutations

You are resistant to torment.
Your stone body is resilient. (AC +4)
You are immune to poison.
You resist negative energy. (rN+)
You are resistant to electric shocks. (rElec)
You can survive without breathing.
You are immune to petrification.
You are immune to rotting.
Your flesh is heat resistant. (rF+)
You are resistant to hostile enchantments. (MR+)


Message History

You sock the ufetubus!
You kill the ufetubus!
The centaur wields a cursed -2 shortbow.
The centaur shoots an arrow.
The arrow hits you. The orc priest barely misses you.
The orc priest hits you from afar with a +0 trident.
The centaur hits you but does no damage.
Things that are here:
a +0 short sword; a +0 leather armour You hit the orc priest but do no damage.
The orc priest hits you but does no damage.
You closely miss the orc priest. You block the centaur's attack.
You block the orc priest's attack. You block the centaur's attack.
You hit the orc priest but do no damage.
The orc priest invokes the aid of Beogh against you.
Beogh smites you!
* * * LOW HITPOINT WARNING * * *
The orc priest hits you but does no damage.
The centaur hits you with a cursed -2 shortbow.
You die...

# # # # # ####.#
##################.....#
>.............)(@oo#
#################cl#
#oZ# #..# # #.## # o.. #
.#. # . # # ..


You could see a centaur, 2 orc priests, an orc, a centaur zombie and a leopard
gecko.

Vanquished Creatures
  An ogre (D:5)
  A scorpion (D:4)
  A hound (D:4)
  A bullfrog skeleton (D:4)
  An iguana (D:5)
  Jessica (D:2)
  A worker ant (D:4)
  A gnoll (D:1)
  5 adders
  An ufetubus (D:5)
  3 oozes
  2 worms
  4 dart slugs
  6 leopard geckos
  3 orcs
  8 bats
  3 giant cockroaches
  9 goblins
  7 hobgoblins
  8 jackals
  3 quokkas
  A ball python (D:1)
  9 frilled lizards
  8 kobolds
  4 rats
92 creatures vanquished.

Notes
Turn   | Place    | Note
-------+----------+-------------------------------------------
     0 | D:1      | dobroeutro the Gargoyle Fighter began the quest for the
                  | Orb.
     0 | D:1      | Reached XP level 1. HP: 14/14 MP: 1/1
    62 | D:1      | Reached XP level 2. HP: 17/19 MP: 2/2
   218 | D:1      | Reached skill level 3 in Maces & Flails
   309 | D:1      | Reached XP level 3. HP: 23/23 MP: 3/3
   915 | D:2      | Noticed Jessica
   923 | D:2      | Killed Jessica
   923 | D:2      | Reached skill level 4 in Maces & Flails
   923 | D:2      | Reached XP level 4. HP: 28/28 MP: 4/4
  2057 | D:3      | Reached skill level 5 in Maces & Flails
  2158 | D:3      | Reached XP level 5. HP: 32/32 MP: 5/5
  2173 | D:3      | Found a shattered altar of Ashenzari.
  2872 | D:3      | Found a shadowy altar of Dithmenos.
  3143 | D:3      | Found a faded altar of an unknown god.
  3716 | D:4      | Found a burning altar of Makhleb.
  3722 | D:4      | Reached skill level 6 in Maces & Flails
  3722 | D:4      | Reached XP level 6. HP: 29/37 MP: 6/6
  4075 | D:5      | Entered Level 5 of the Dungeon
  4076 | D:5      | Found a sacrificial altar of Ru.
  4790 | D:5      | Reached skill level 7 in Maces & Flails
  4790 | D:5      | Reached XP level 7. HP: 16/41 MP: 7/7
  5093 | D:5      | Gained mutation: You are resistant to hostile enchantments.
                  | (MR+) [potion of mutation]
  5093 | D:5      | Gained mutation: Your flesh is heat resistant. (rF+)
                  | [potion of mutation]
  5106 | D:5      | HP: 1/41 [orc priest/divine providence (14)]
  5106 | D:5      | Slain by a centaur

Illustrated notes

Levels and vault maps discovered:
D:1:      dpeg_arrival_tiny_i, layout_basic
D:2:      layout_basic, uniq_jessica
D:3:      layout_basic, lemuel_coloured_pillars_altar,
          nicolae_overflow_crystal_walls, chequers_ecumenical_altar_grove,
          minmay_tree_intersection
D:4:      layout_cave_pods, makhleb_heckhound_becter
D:5:      cheibrodos_thug_alley, layout_basic, nicolae_ru_awakened_eye

Skill      XL: |  1  2  3  4  5  6 |
---------------+-------------------+-----
Maces & Flails | 3 4 5 6 7 |  7.3
Fighting       | |  3.2
Armour         | |  3.2
Shields        | |  3.2

Action                   |  1- 3 |  4- 6 |  7- 9 || total
-------------------------+-------+-------+-------++-------
Melee: Flail             |    63 |   285 |    13 ||   361
  Use: Potion            |       |     2 |     5 ||     7
Armor: Scale mail        |    63 |   202 |     7 ||   272
Dodge: Dodged            |    29 |   128 |     8 ||   165
Block: Kite shield       |    49 |   177 |    13 ||   239

Table legend: (Time is in decaauts)
 A = Elapsed time spent in this place.
 B = Non-inter-level travel time spent in this place.
 C = Inter-level travel time spent in this place.
 D = Time resting spent in this place.
 E = Time spent auto-exploring this place.
 F = Levels seen in this place.
 G = Mean time per level.
                   A        B        C        D        E       F      G
               +--------+--------+--------+--------+--------+-----+--------+
         Total |   5192 |   5031 |    161 |    907 |   3401 |   5 | 1038.4 |
       Dungeon |   5192 |   5031 |    161 |    907 |   3401 |   5 | 1038.4 |
               +--------+--------+--------+--------+--------+-----+--------+

Top non-repeatable levels by time:
     D:3: 1384 daAuts
     D:4: 1307 daAuts
     D:2: 1064 daAuts
     D:1: 925 daAuts
     D:5: 511 daAuts
